Map: [ESL] Oceanborn

Players

Reynor

  • Race: Protoss Protoss
  • Spawn Location: 11:00

Solar - Winner!

  • Race: Zerg Zerg
  • Spawn Location: 5:00

Event: ESL SC2 Masters 2023 Winter (Finals)

VOD

Have the link to the VOD?

Description

Time

  • Played on: Dec. 15, 2023, 7:25 p.m.
  • Length: 15:34

All games in this series

Show
View Real Time Build Order
Export as new Build Order

Reynor Protoss 

Build Orders: 1 Gate Expand, Oracle Opening 

Get SALT Encoding   

  12  0:00  Probe  
  13  0:12  Probe  
  14  0:18  Pylon  
  14  0:24  Probe  
  15  0:36  Probe  
  15  0:40  Gateway  
  16  0:48  Probe (Chrono Boost)  
  17  0:50  Assimilator  
  17  0:59  Probe (Chrono Boost)  
  18  1:04  Probe (Chrono Boost)  
  19  1:15  Probe  
  20  1:30  Nexus  
  20  1:40  Cybernetics Core  
  20  1:42  Probe  
  21  1:49  Assimilator  
  21  1:54  Probe  
  21  1:57  Pylon  
  22  2:06  Probe  
  23  2:13  Adept (Chrono Boost)  
  23  2:19  Probe  
  26  2:25  Stargate  
  26  2:31  Probe  
  26  2:32  Warp Gate  
  26  2:36  Adept  
  29  2:43  Probe (Chrono Boost)  
  31  2:44  Probe (Chrono Boost)  
  32  2:53  Probe (Chrono Boost)  
  32  2:54  Probe (Chrono Boost)  
  33  2:58  Probe (Chrono Boost)  
  33  2:59  Probe (Chrono Boost)  
  35  3:06  Oracle (Chrono Boost)  
  35  3:09  Probe  
  35  3:10  Probe  
  40  3:15  Gateway  
  40  3:19  Adept  
  42  3:21  Probe  
  42  3:22  Probe  
  42  3:26  Pylon  
  44  3:33  Probe  
  45  3:41  Oracle (Chrono Boost), Probe  
  45  3:45  Probe  
  50  3:51  Pylon  
  50  3:57  Nexus  
  50  3:58  Probe  
  50  4:01  Probe  
  52  4:08  Oracle (Chrono Boost)  
  52  4:11  Probe  
  52  4:13  Probe  
  57  4:18  Pylon  
  57  4:20  Adept x2  
  57  4:23  Probe  
  62  4:26  Assimilator  
  62  4:32  Twilight Council  
  62  4:36  Probe  
  62  4:37  Probe  
  64  4:49  Probe  
  64  4:50  Probe  
  66  5:01  Probe  
  66  5:02  Probe  
  64  5:08  Blink (Chrono Boost)  
  64  5:09  Assimilator, Forge  
  64  5:12  Gateway  
  64  5:13  Pylon, Probe x2  
  64  5:14  Gateway, Probe  
  67  5:19  Stalker  
  67  5:20  Stalker  
  71  5:22  Shield Battery  
  71  5:25  Probe x2  
  71  5:26  Probe  
  74  5:33  Robotics Facility  
  74  5:35  Shield Battery  
  74  5:37  Probe x2  
  74  5:38  Probe  
  77  5:43  Protoss Ground Weapons Level 1 (Chrono Boost)  
  77  5:46  Stalker x2  
  77  5:49  Probe x2  
  83  5:50  Probe  
  83  5:52  Pylon  
  84  6:01  Probe x2  
  84  6:02  Probe  
  87  6:08  Stalker  
  87  6:09  Stalker  
  91  6:12  Nexus  
  91  6:13  Probe, Pylon  
  91  6:18  Photon Cannon  
  92  6:20  Pylon  
  92  6:27  Probe x2  
  92  6:28  Observer  
  92  6:31  Stalker x2  
  100  6:32  Probe  
  100  6:38  Robotics Bay  
  100  6:40  Probe  
  100  6:44  Stalker  
  100  6:46  Probe x2  
  105  6:47  Charge (Chrono Boost)  
  105  6:49  Warp Prism  
  105  6:53  Probe  
  108  6:54  Assimilator  
  108  6:55  Assimilator  
  108  6:56  Pylon  
  108  6:57  Photon Cannon  
  108  6:59  Shield Battery  
  108  7:08  Phoenix (Chrono Boost)  
  108  7:12  Probe x2  
  108  7:14  Probe  
  113  7:16  Photon Cannon  
  113  7:23  Colossus (Chrono Boost)  
  113  7:24  Probe  
  113  7:29  Photon Cannon  
  120  7:30  Photon Cannon  
  120  7:32  Protoss Ground Weapons Level 2 (Chrono Boost), Photon Cannon, Shield Battery, Phoenix (Chrono Boost)  
  120  7:33  Shield Battery  
  122  7:42  Photon Cannon  
  122  7:43  Shield Battery  
  122  7:48  Stalker x3  
  122  7:50  Stalker  
  130  7:52  Probe x2  
  130  7:56  Pylon  
  132  8:00  Photon Cannon  
  132  8:01  Phoenix (Chrono Boost)  
  132  8:04  Shield Battery  
  134  8:07  Pylon  
  134  8:10  Probe x2  
  134  8:15  Stalker x4  
  134  8:17  Probe  
  134  8:19  Probe  
  144  8:23  Phoenix (Chrono Boost)  
  144  8:26  Forge  
  146  8:28  Pylon  
  144  8:40  Shield Battery  
  144  8:45  Phoenix (Chrono Boost), Probe  
  144  8:47  Assimilator x2, Pylon  
  147  8:49  Pylon  
  147  8:51  Stalker x3  
  147  8:52  Probe x2  
  147  8:54  Gateway x2, Probe  
  153  8:57  Probe  
  154  9:04  Probe  
  154  9:05  Protoss Shields Level 1 (Chrono Boost), Probe  
  154  9:06  Photon Cannon  
  156  9:11  Probe  
  157  9:22  Phoenix  
  151  9:26  Stalker x3  
  151  9:27  Stalker  
  153  9:34  Templar Archives  
  153  9:36  Pylon  
  153  9:37  Photon Cannon  
  153  9:38  Photon Cannon  
  153  9:41  Colossus (Chrono Boost)  
  153  9:44  Shield Battery  
  159  9:52  Stalker x2  
  159  9:53  Stalker  
  159  9:54  Probe x3  
  159  9:58  Stalker  
  164  10:04  Stalker x2  
  158  10:17  Gateway  
  158  10:20  Gateway  
  158  10:22  High Templar x2  
  158  10:23  Photon Cannon, Colossus (Chrono Boost)  
  158  10:24  Photon Cannon  
  158  10:26  Shield Battery  
  168  10:29  Gateway, Archon  
  168  10:30  Gateway  
  168  10:33  Pylon  
  166  10:40  Stalker x4  
  166  10:42  Probe x3  
  159  10:44  Probe  
  142  10:54  Probe x3  
  142  10:56  Probe  
  112  11:04  Colossus (Chrono Boost)  
  112  11:06  Probe x3  
  113  11:16  Protoss Ground Armor Level 1 (Chrono Boost)  
  113  11:18  High Templar x4, Probe x3  
  111  11:21  Protoss Shields Level 2 (Chrono Boost)  
  111  11:24  Archon x2  
  114  11:30  Probe x2  
  116  11:35  Nexus  
  116  11:36  Pylon  
  116  11:39  Pylon  
  116  11:41  High Templar x2  
  116  11:43  Shield Battery  
  120  11:47  Archon  
  120  11:53  Sentry x2  
  117  12:03  Zealot x3  
  117  12:04  Zealot x3  
  117  12:05  Probe x3  
  85  12:17  Probe x2  
  85  12:18  Zealot  
  85  12:19  Zealot x3  
  87  12:25  Zealot x3  
  87  12:29  Probe x2  
  95  12:31  High Templar x2  
  93  12:37  Archon  
  93  12:41  Probe  
  80  12:47  Stalker x4  
  83  13:04  Nexus  
  70  13:08  High Templar  
  70  13:09  High Templar  
  74  13:13  Archon  
  74  13:22  Zealot x2  
  74  13:23  Zealot  
  74  13:25  High Templar x2  
  84  13:41  Archon  
  84  13:42  Stalker x3  
Show
View Real Time Build Order
Export as new Build Order

Solar Zerg - Winner!

Build Orders: Hatch First 

Get SALT Encoding   

  12  0:00  Drone  
  13  0:12  Overlord  
  13  0:17  Drone  
  14  0:34  Drone x2  
  16  0:49  Hatchery  
  15  0:52  Drone  
  15  0:56  Drone  
  17  0:58  Drone  
  18  1:10  Extractor  
  17  1:14  Spawning Pool  
  17  1:17  Drone  
  17  1:21  Drone  
  18  1:28  Drone  
  19  1:39  Drone  
  20  1:49  Overlord  
  20  2:01  Queen x2  
  20  2:02  Zergling x4  
  26  2:13  Drone x2  
  26  2:14  Metabolic Boost  
  28  2:22  Drone  
  29  2:23  Drone  
  30  2:36  Hatchery  
  29  2:38  Zergling x2  
  30  2:45  Queen  
  30  2:50  Overlord  
  32  2:53  Drone  
  32  2:55  Drone  
  32  2:58  Drone  
  35  3:00  Drone  
  36  3:07  Queen  
  36  3:11  Drone  
  36  3:12  Drone x2  
  41  3:14  Drone  
  41  3:18  Overlord  
  42  3:21  Drone  
  42  3:22  Drone  
  44  3:32  Overlord  
  44  3:36  Queen  
  44  3:38  Drone  
  44  3:39  Drone  
  48  3:41  Drone  
  48  3:43  Queen  
  51  3:49  Queen  
  51  3:52  Drone  
  51  3:53  Zergling x4  
  56  3:58  Overlord  
  56  4:02  Drone  
  57  4:03  Evolution Chamber  
  57  4:06  Extractor  
  57  4:08  Drone x2  
  57  4:10  Drone x3  
  57  4:13  Drone  
  57  4:15  Spore Crawler  
  57  4:16  Drone x2  
  63  4:19  Spore Crawler  
  63  4:20  Drone  
  63  4:22  Drone  
  63  4:24  Drone  
  65  4:25  Drone  
  65  4:29  Zerg Melee Weapons Level 1  
  65  4:31  Overlord  
  66  4:33  Drone  
  66  4:34  Drone  
  66  4:36  Drone  
  66  4:38  Zergling x2  
  69  4:39  Zergling x2  
  69  4:44  Zergling x8  
  73  4:52  Drone x5  
  75  4:56  Drone x3  
  76  5:03  Drone  
  76  5:05  Drone x4  
  76  5:06  Extractor  
  79  5:07  Drone  
  79  5:12  Lair  
  79  5:13  Drone x2  
  82  5:16  Extractor, Overlord  
  82  5:17  Extractor  
  82  5:20  Overlord  
  80  5:25  Extractor, Drone x2  
  80  5:26  Drone  
  80  5:27  Roach Warren  
  81  5:29  Drone  
  81  5:30  Overlord  
  82  5:37  Drone, Extractor  
  82  5:40  Hatchery  
  82  5:42  Drone x3  
  81  5:43  Drone  
  81  5:48  Drone x3  
  85  5:52  Drone x2  
  85  5:53  Zergling x6  
  85  5:55  Drone  
  85  5:57  Drone  
  92  5:59  Overlord  
  92  6:01  Drone  
  93  6:05  Drone  
  93  6:07  Zergling x2  
  93  6:10  Drone  
  95  6:12  Overseer  
  95  6:13  Glial Reconstitution, Spire  
  95  6:16  Drone, Overlord  
  95  6:17  Drone  
  96  6:21  Overlord  
  96  6:23  Zergling x8  
  100  6:27  Drone x3  
  100  6:29  Drone  
  104  6:33  Overlord  
  104  6:34  Extractor, Drone  
  104  6:39  Drone x6, Extractor  
  107  6:43  Overlord  
  107  6:47  Overseer  
  107  6:49  Overlord  
  107  6:51  Drone  
  107  6:52  Drone x2  
  109  7:06  Overlord  
  109  7:13  Zergling x2  
  109  7:14  Zergling x2  
  109  7:15  Overlord  
  111  7:17  Drone  
  111  7:24  Mutalisk x12  
  111  7:28  Zerg Flyer Weapons Level 1  
  111  7:29  Drone x2  
  137  7:34  Mutalisk  
  137  7:36  Mutalisk  
  139  7:41  Mutalisk  
  139  7:43  Overlord  
  139  7:44  Overlord, Hatchery  
  143  7:46  Overlord  
  143  7:47  Mutalisk  
  143  7:50  Drone x2  
  146  7:53  Drone  
  146  7:56  Mutalisk x2  
  146  7:58  Overlord  
  151  8:01  Mutalisk, Extractor  
  151  8:02  Overlord  
  151  8:05  Extractor  
  151  8:12  Mutalisk x3  
  147  8:15  Zergling x6  
  147  8:16  Zergling x16  
  160  8:20  Mutalisk  
  160  8:26  Mutalisk x2  
  166  8:30  Drone  
  166  8:33  Mutalisk  
  167  8:35  Corruptor  
  167  8:38  Zergling x22  
  178  8:44  Zerg Melee Weapons Level 2  
  178  8:48  Zergling x6  
  181  8:54  Corruptor x2  
  175  9:01  Drone  
  175  9:02  Drone x2  
  171  9:04  Baneling Nest, Roach x7  
  171  9:08  Roach x2  
  171  9:09  Roach  
  190  9:15  Roach x4  
  194  9:28  Roach x3  
  198  9:36  Zergling x2  
  194  9:53  Zergling x10  
  194  9:55  Zergling x2, Roach x2  
  194  9:58  Zergling x18  
  197  10:00  Centrifugal Hooks  
  197  10:04  Roach x2  
  197  10:07  Roach  
  198  10:08  Roach  
  198  10:09  Roach  
  198  10:12  Roach x2  
  198  10:13  Zergling x4  
  199  10:18  Baneling  
  199  10:19  Baneling x19  
  199  10:22  Infestation Pit  
  198  10:31  Roach  
  198  10:33  Hatchery  
  198  10:34  Roach x2  
  197  10:35  Zergling x8  
  197  10:36  Zergling x2  
  197  10:37  Zergling x6  
  197  10:38  Zergling x4  
  197  10:40  Zergling x2  
  197  10:41  Zergling x2  
  191  10:45  Zergling x10  
  176  10:50  Zergling x26  
  176  10:56  Roach x3  
  181  10:58  Hive  
  181  11:00  Zerg Missile Weapons Level 1, Roach x2  
  168  11:04  Roach x3  
  168  11:08  Roach x2  
  157  11:13  Roach x3  
  157  11:18  Roach  
  162  11:20  Roach  
  162  11:23  Roach x3  
  170  11:28  Zergling x22  
  170  11:29  Zergling x4  
  170  11:30  Ravager  
  170  11:31  Ravager x6  
  170  11:32  Baneling x24  
  190  11:33  Baneling  
  190  11:35  Zergling x2  
  190  11:36  Zergling x6  
  192  11:42  Pneumatized Carapace  
  192  11:44  Roach x2  
  192  11:45  Baneling x4  
  192  11:46  Zergling x6  
  196  11:58  Zergling x12  
  195  12:02  Zergling x2  
  195  12:03  Zergling x18  
  185  12:10  Roach x5  
  185  12:11  Zergling x4  
  180  12:16  Roach x2  
  180  12:20  Viper, Roach x3  
  175  12:24  Adrenal Glands  
  175  12:25  Viper  
  175  12:27  Viper x2  
  184  12:33  Roach x3  
  177  12:37  Roach  
  177  12:41  Roach x3  
  176  12:44  Roach x2  
  176  12:49  Zergling x2  
  176  12:50  Zergling x4  
  176  12:55  Zergling x18  
  179  13:01  Zergling x8  
  179  13:05  Roach x2  
  173  13:07  Zergling x2  
  173  13:11  Zergling x8  
  173  13:12  Ravager  
  179  13:14  Ravager x3  
  179  13:18  Zergling x10  
  187  13:21  Zergling x4  
  187  13:23  Ravager  
  189  13:27  Zergling x18  
  189  13:29  Baneling x18  
  189  13:32  Zergling x2  
  199  13:37  Zergling x2  
  199  13:41  Zergling x4  
  199  13:43  Zergling x2  
  199  13:44  Zergling x4  
  199  13:46  Zergling x2  
  198  13:49  Zergling x4  
  199  13:52  Zergling x2  
Tags
 
Add a new tag
Caveats
  • Supply blocks, unpowered buildings, or Contaminate may cause inaccurate times.
  • Supply counts are checked every 10 seconds.